AoeStats
← | ArCas | Toruk Makto

African Clearing

505116669Analyzed
4v4 RM · 24d ago on Sep 7, 2026· 50m 14s· 8 players
Game mode
Random Map
Map size
Large (8 player)
Population
200
Speed
Normal
Resources
Standard
Victory
Conquest
Starting age
Dark Age
Ending age
Imperial Age
RankedLock teamsTeams togetherTeam positionsShared explorationLock speedFull tech treeHidden civsTurbo modeCheats
Victory
Defeat
🇦🇷 Persians · Argentina
1516
+8
🇨🇱 Mongols · Chile
1450
+10
🇨🇱 Celts · Chile
1288
+16
🇲🇽 Khmer · Mexico
1065
+25
🇦🇷 Khmer · Argentina
1325
-16
🇹🇷 Persians · Türkiye
1322
-16
🇹🇼 Japanese · Taiwan
1273
-14
🇩🇪 Cumans · Germany
1266
-13
battal hoplatan
5:35 Loom
6:29 Loom
12:24 Feudal Age
17:16 Castle Age
15:43 Double-Bit Axe
24:51 Fletching
27:02 Town Watch
zLIFE
5:04 Loom
16:13 Feudal Age
17:55 Double-Bit Axe
20:11 Horse Collar
21:16 Wheelbarrow
23:07 Castle Age
23:17 Gold Mining
23:46 Town Watch
24:43 Bow Saw
24:36 Heavy Plow
26:02 Gold Shaft Mining
27:23 Bloodlines
27:51 Stone Mining
28:52 Forging
28:48 Scale Barding Armor
32:59 Iron Casting
37:33 Imperial Age
35:24 Hand Cart
37:34 Chain Barding Armor
38:43 Conscription
38:10 Elite Steppe Lancer
38:42 Light Cavalry
41:01 Blast Furnace
40:36 Plate Barding Armor
45:33 Crop Rotation
46:05 Two-Man Saw
45:19 Hussar
48:23 Steppe Husbandry
| ArCas | Toruk Makto
13:07 Feudal Age
13:33 Loom
17:12 Castle Age
30:23 Town Watch
Tree_Goldberg
7:14 Loom
12:06 Feudal Age
12:42 Double-Bit Axe
14:11 Fletching
14:53 Town Watch
17:27 Horse Collar
23:13 Castle Age
28:06 Scale Mail Armor
37:40 Forging
Quimimoshly06
13:50 Feudal Age
12:40 Loom
14:21 Town Watch
15:00 Double-Bit Axe
19:09 Castle Age
34:50 Husbandry
35:03 Bloodlines
35:06 Forging
35:02 Scale Barding Armor
38:05 Wheelbarrow
37:15 Horse Collar
39:55 Iron Casting
39:40 Chain Barding Armor
44:10 Tusk Swords
48:31 Imperial Age
48:34 Elite Battle Elephant
[MGG] Callo
6:28 Loom
13:06 Feudal Age
13:57 Double-Bit Axe
23:04 Castle Age
20:59 Gold Mining
22:03 Horse Collar
24:34 Bow Saw
25:52 Gold Shaft Mining
25:21 Heavy Plow
26:56 Pikeman
30:04 Scale Mail Armor
31:38 Masonry
31:59 Chain Mail Armor
32:25 Town Watch
35:52 Wheelbarrow
40:54 Imperial Age
38:47 Hand Cart
39:04 Stone Mining
41:10 Stone Shaft Mining
43:09 Plate Mail Armor
43:01 Scale Barding Armor
42:29 Halberdier
42:55 Arson
45:02 Chain Barding Armor
45:05 Town Patrol
45:13 Siege Engineers
44:47 Capped Ram
46:01 Forging
46:04 Siege Ram
48:45 Treadmill Crane
[MGG] El Petardo
6:00 Loom
13:51 Feudal Age
17:59 Castle Age
21:57 Double-Bit Axe
28:12 Scale Barding Armor
28:18 Forging
30:05 Fletching
48:58 Town Watch
49:17 Bodkin Arrow
[MGG] JP
10:17 Feudal Age
10:54 Double-Bit Axe
11:11 Loom
22:27 Fletching
28:27 Castle Age
27:05 Scale Barding Armor
27:47 Forging
28:40 Light Cavalry
29:31 Bloodlines
29:22 Fishing Lines
30:43 Iron Casting
30:05 Bodkin Arrow
32:29 Husbandry
34:23 Horse Collar
36:07 Chain Barding Armor
36:50 Heavy Plow
37:35 Wheelbarrow
36:46 Town Watch
38:20 Bow Saw
39:35 Gold Mining
39:36 Stone Mining
41:04 Gold Shaft Mining
43:18 Imperial Age
41:13 Padded Archer Armor
42:37 Leather Archer Armor
44:21 Stone Shaft Mining
43:30 Elite Mangudai
44:11 Bracer
45:25 Chemistry
44:46 Ballistics
46:00 Heavy Cavalry Archer
47:06 Parthian Tactics
49:37 Conscription
Connection lost

Rejoining the realm…

Still unreachable

The connection could not be restored.

Session expired

The server has moved on; the page needs a fresh start.